 Dungeon Crawl Stone Soup version 0.31.0-4-g52a2dc7128 (webtiles) character file.

Game seed: 10728325317905019757

109 trckry the Digger (level 4, 0/24 HPs)
             Began as a Gargoyle Earth Elementalist on Jan 22, 2024.
             Was a Follower of Dithmenos.
             Incinerated by a bombardier beetle (4 damage)
             ... with a burning spray
             ... on level 3 of the Dungeon.
             The game lasted 00:07:33 (2087 turns).

trckry the Digger (Gargoyle Earth Elementalist)     Turns: 2087, Time: 00:07:34

Health: 0/24       AC:  7    Str: 11    XL:     4   Next: 90%
Magic:  4/7        EV: 11    Int: 18    God:    Dithmenos [*.....]
Gold:   57         SH:  0    Dex: 10    Spells: 3/7 levels left

rFire   . . .        e - +0 sling
rCold   . . .        (no shield)
rNeg    + . .        a - +0 robe
rPois   ∞            (no helmet)
rElec   +            o - +0 cloak
rCorr   .            (no gloves)
SInv    .            n - +0 pair of boots
Will    .....        (no amulet)
Stlth   +            (no ring)
HPRegen 0.24/turn    (no ring)
MPRegen 0.10/turn

%: no passive effects
@: on fire, glowing
A: sickness immunity, AC +3, negative energy resistance 1, electricity
resistance, torment resistance 1, petrification resistance
a: Renounce Religion


You were on level 3 of the Dungeon.
You worshipped Dithmenos.
Dithmenos was aware of your devotion.
You visited 1 branch of the dungeon, and saw 3 of its levels.

You collected 57 gold pieces.

Inventory:

Hand Weapons
 e - a +0 sling (weapon)
Missiles
 c - 6 poisoned darts
Armour
 a - a +0 robe (worn)
 n - a +0 pair of boots (worn)
 o - a +0 cloak (worn)
Scrolls
 f - 3 scrolls of identify {unknown}
 g - 3 scrolls of teleportation {unknown}
 j - a scroll of amnesia {unknown}
 k - 3 scrolls of noise {unknown}
 l - a scroll of enchant armour {unknown}
 m - a scroll of brand weapon {unknown}
Potions
 b - a potion of magic
 d - 3 potions of curing {unknown}
 h - 2 potions of enlightenment {unknown}
 i - a potion of brilliance {unknown}


   Skills:
 - Level 1.5 Dodging
 - Level 2.1 Stealth
 - Level 2.0 Spellcasting
 + Level 2.5 Conjurations
 - Level 6.0 Earth Magic


You had 3 spell levels left.
You knew the following spells:

 Your Spells              Type           Power      Damage    Failure   Level
a - Sandblast             Erth           46%        2d11      1%          1
b - Stone Arrow           Conj/Erth      34%        3d9       10%         3

Your spell library contained the following spells:

 Spells                   Type           Power      Damage    Failure   Level
 Passwall                 Erth           23%        N/A       4%          3
 Mercury Vapours          Alch/Air       2%         N/A       26%         2
 Mephitic Cloud           Conj/Alch/Air  4%         N/A       36%         3
 Brom's Barrelling Bould  Conj/Erth      17%        2d4       30%         4
 Petrify                  Alch/Erth      12%        N/A       45%         4
 Freezing Cloud           Conj/Ice/Air   2%         6-21      98%         5


Dungeon Overview and Level Annotations

Branches:
Dungeon (3/15) Zot: 15862

Altars:
Dithmenos


Innate Abilities, Weirdness & Mutations

You are immune to sickness and miasma.
Your stone body is resilient. (AC +3)
You are immune to poison.
You resist negative energy. (rN+)
You are resistant to electric shocks. (rElec)
You are resistant to unholy torment.
You are immune to petrification.


Message History

Aiming: Sandblast (safe; 1% risk of failure)
Press: ? - help, Shift-Dir - straight line, f/p - bombardier beetle
Aim: a bombardier beetle (moderately wounded, 90% to hit)
The blast of sand hits the bombardier beetle!
The bombardier beetle is almost dead.
The liquid fire burns you!
The bombardier beetle sprays incendiary fluid at you.
The burning spray hits you.
You are even more covered in liquid fire!
You take 5 damage, and have 19/24 hp.
MASSIVE DAMAGE!!
You now have 5/7 mp.
Casting: Sandblast (safe; 1% risk of failure)
Confirm with . or Enter, or press ? or * to list all spells.
Aiming: Sandblast (safe; 1% risk of failure)
Press: ? - help, Shift-Dir - straight line, f/p - bombardier beetle
Aim: a bombardier beetle (almost dead, 90% to hit)
The blast of sand hits the bombardier beetle.
You kill the bombardier beetle!
Dithmenos accepts your kill. The liquid fire burns you!
Your Conjurations skill increases to level 2!
You take 7 damage, and have 12/24 hp.
MASSIVE DAMAGE!!
You now have 4/7 mp.
Casting: Sandblast (safe; 1% risk of failure)
Confirm with . or Enter, or press ? or * to list all spells.
You don't know that spell.
You are on fire!
You are on fire!
You shake off some of the fire as you move.
The liquid fire burns you!
You take 3 damage, and have 9/24 hp.
Found a gold wand.
You shake off some of the fire as you move.
The liquid fire burns you!
* * * LOW HITPOINT WARNING * * *
You take 4 damage, and have 5/24 hp.
You shake off some of the fire as you move.
The liquid fire burns you!
* * * LOW HITPOINT WARNING * * *
You take 1 damage, and have 4/24 hp.
The liquid fire burns you!
You die...

#.##.......... .# ###.
#.#..#######.# .###...
#..........#.# .......
#..##......#.# ####..#
#.. #......#.# .......
#.# #......#. ####.#.
.. #..?...# #.#. ...
#.....#############.##
#>#
#....@...../..........
#.....####### ####.##
#.....# #.#<.†.
#.....# #.....#
#.†...# #.#.#.#
.......# #.#.#.#
#.#.....# #.#....
#.#.....# #.#.###
#.#....


There were no monsters in sight!

Vanquished Creatures
  A bombardier beetle (D:3)
  2 adders (D:2)
  A ribbon worm (D:2)
  7 bats
  4 endoplasms
  4 giant cockroaches
  10 goblins
  4 hobgoblins
  4 jackals (D:2)
  6 ball pythons
  A frilled lizard (D:2)
  7 kobolds
  5 rats
56 creatures vanquished.

Notes
Turn   | Place    | Note
-------+----------+-------------------------------------------
     0 | D:1      | trckry the Gargoyle Earth Elementalist began the quest for
                  | the Orb.
     0 | D:1      | Reached XP level 1. HP: 10/10 MP: 3/3
   113 | D:1      | Reached skill level 4 in Earth Magic
   147 | D:1      | Reached XP level 2. HP: 15/15 MP: 1/5
   476 | D:1      | Reached XP level 3. HP: 19/19 MP: 4/6
   480 | D:1      | Learned a level 3 spell: Stone Arrow
   533 | D:1      | Reached skill level 5 in Earth Magic
  1270 | D:2      | Reached XP level 4. HP: 24/24 MP: 7/7
  1486 | D:2      | Reached skill level 6 in Earth Magic
  1540 | D:2      | Found a faded altar of an unknown god.
  1587 | D:2      | Prayed at the altar of an unknown god.
  1587 | D:2      | Became a worshipper of Dithmenos the Shadowed
  1587 | D:2      | Reached * piety under Dithmenos
  2086 | D:3      | HP: 3/24 [burnt (2)]
  2087 | D:3      | Incinerated by a bombardier beetle

Illustrated notes

Levels and vault maps discovered:
D:1:      grunt_arrival_crossed_arrows, layout_loops_ring, serial_bayou_pond_d
D:2:      layout_basic, dilly_ecumenical_altar_fadedgnrine, nicolae_wormholes
D:3:      layout_basic, serial_shops, nicolae_shop_real_fake_doors

Skill      XL: |  1  2  3  4 |
---------------+-------------+-----
Earth Magic    | 4 5 6 |  6.0
Conjurations   | 2 |  2.5
Dodging        | |  1.5
Stealth        | |  2.1
Spellcasting   | |  2.0

Action                     |  1- 3 |  4- 6 || total
---------------------------+-------+-------++-------
   Fire: Sling             |    31 |    18 ||    49
   Cast: Sandblast         |    48 |    16 ||    64
 Armour: Robe              |    18 |     5 ||    23
  Dodge: Dodged            |    28 |     5 ||    33
